AoeStats
← PROJECTX

Arena

509463323Analyzed
4v4 RM · 5d ago on Sep 26, 2026· 29m 19s· 8 players
Game mode
Random Map
Map size
Large (8 player)
Population
200
Speed
Normal
Resources
Standard
Victory
Conquest
Starting age
Dark Age
Ending age
Imperial Age
RankedLock teamsTeams togetherTeam positionsShared explorationLock speedFull tech treeHidden civsTurbo modeCheats
Victory
Defeat
🇩🇪 Goths · Germany
1075
+15
🇬🇧 Britons · United Kingdom
1018
+17
🇺🇸 Bulgarians · United States
1016
+17
🇩🇪 Italians · Germany
965
+20
🇲🇰 Romans · North Macedonia
1063
-18
🇨🇱 Danes · Chile
1049
-17
🇩🇪 Bohemians · Germany
1037
-17
🇸🇪 Hindustanis · Sweden
1033
-17
PANACEA
10:52 Feudal Age
15:13 Castle Age
13:13 Horse Collar
14:08 Double-Bit Axe
16:10 Bow Saw
20:38 Loom
21:13 Gold Mining
22:54 Wheelbarrow
23:17 Stone Mining
24:04 Gold Shaft Mining
25:16 Hand Cart
25:27 Murder Holes
27:43 Stone Shaft Mining
30:31 Imperial Age
28:14 Forging
28:09 Scale Barding Armor
28:06 Padded Archer Armor
28:35 Town Watch
30:14 Iron Casting
29:59 Chain Barding Armor
29:55 Masonry
29:52 Heavy Plow
tomahawk
10:16 Feudal Age
11:06 Double-Bit Axe
16:14 Castle Age
15:17 Forging
15:18 Horse Collar
16:29 Loom
24:49 Light Cavalry
26:34 Wheelbarrow
29:57 Imperial Age
27:56 Hand Cart
27:46 Heavy Plow
28:01 Bow Saw
27:49 Gold Mining
28:18 Stone Mining
Kim-Jong-Kill
10:47 Feudal Age
16:12 Double-Bit Axe
18:36 Horse Collar
20:33 Gold Mining
24:39 Loom
PROJECTX
10:45 Feudal Age
15:11 Castle Age
13:46 Double-Bit Axe
14:39 Horse Collar
20:50 Imperial Age
20:05 Forging
19:56 Scale Mail Armor
21:51 Iron Casting
23:46 Squires
syntax error
9:38 Loom
11:24 Feudal Age
16:34 Castle Age
14:29 Double-Bit Axe
15:01 Gold Mining
15:18 Horse Collar
17:21 Heavy Plow
24:25 Bow Saw
30:35 Imperial Age
28:40 Wheelbarrow
28:20 Forging
28:10 Scale Mail Armor
Bullangebrio
0:48 Loom
11:20 Feudal Age
15:51 Castle Age
14:00 Gold Mining
13:58 Double-Bit Axe
13:58 Horse Collar
15:09 Stone Mining
23:08 Wheelbarrow
24:17 Bow Saw
30:21 Imperial Age
28:03 Man-at-Arms
28:30 Gambesons
29:06 Hand Cart
BachmanN
0:42 Loom
11:21 Feudal Age
11:56 Double-Bit Axe
12:02 Gold Mining
12:05 Horse Collar
19:18 Castle Age
18:22 Stone Mining
20:09 Bow Saw
20:00 Heavy Plow
21:40 Gold Shaft Mining
24:10 Forging
24:00 Scale Mail Armor
24:51 Wheelbarrow
24:52 Town Watch
27:20 Grand Trunk Road
28:02 Chain Mail Armor
28:16 Squires
TA388959
11:47 Feudal Age
12:28 Double-Bit Axe
12:26 Horse Collar
15:15 Wheelbarrow
16:00 Wheelbarrow
21:23 Castle Age
18:48 Man-at-Arms
19:33 Scale Mail Armor
19:24 Fletching
20:49 Forging
22:06 Arson
23:26 Bow Saw
23:38 Heavy Plow
23:13 Long Swordsman
26:37 Chain Mail Armor
Connection lost

Rejoining the realm…

Still unreachable

The connection could not be restored.

Session expired

The server has moved on; the page needs a fresh start.